 Dungeon Crawl Stone Soup version 0.25-a0-578-gc91f01c39c (webtiles) character file.

Game seed: 6237478220669478169, levelgen mode: classic

4615 EnegeticOcto the Cleaver (level 10, 22/96 HPs)
             Began as a Deep Dwarf Fighter on Mar 3, 2020.
             Was a Believer of Makhleb.
             Quit the game on level 10 of the Dungeon.
             The game lasted 00:03:49 (5171 turns).

EnegeticOcto the Cleaver (Deep Dwarf Fighter)       Turns: 5171, Time: 00:03:49

Health: 22/96      AC:  2    Str: 23    XL:     10   Next: 19%
Magic:  0/6        EV:  4    Int:  9    God:    Makhleb [**....]
Gold:   246        SH: 10    Dex: 12    Spells: 9/9 levels left

rFire    . . .     SeeInvis .   a - +1 war axe
rCold    . . .     Gourm    .   c - +0 kite shield
rNeg     . . .     Faith    .   b - +0 plate armour
rPois    .         Spirit   .   (no helmet)
rElec    .         Reflect  .   (no cloak)
rCorr    .         Harm     .   r - +1 pair of gloves
MR       +....                  (no boots)
Stlth    ..........             (no amulet)
HPRegen  0.00/turn              (no ring)
MPRegen  0.10/turn              (no ring)

@: corroded, non-regenerating, heavily drained
A: damage resistance, heal wounds, sense surroundings 2, no regeneration
a: Heal Wounds, Minor Destruction, Renounce Religion


You were on level 10 of the Dungeon.
You worshipped Makhleb.
Makhleb was pleased with you.
You were not hungry.

You visited 2 branches of the dungeon, and saw 11 of its levels.

You collected 295 gold pieces.
You spent 49 gold pieces at shops.

Inventory:

Hand Weapons
 a - a +1 war axe (weapon)
Armour
 b - a +0 plate armour (worn)
 c - a +0 kite shield (worn)
 r - a +1 pair of gloves (worn)
Wands
 f - a wand of polymorph (11)
 p - a wand of scattershot (4)
 w - a wand of acid (16) {@v1}
 y - a wand of paralysis (6)
Scrolls
 j - a scroll of enchant weapon
 n - 2 scrolls of remove curse {@r6}
 s - 3 scrolls of magic mapping {@r5}
Potions
 d - 4 potions of curing {unknown}
 i - a potion of berserk rage {unknown}
 k - a potion of might {@q3}
 m - a potion of resistance {@q6}
 u - a potion of lignification {@q7}
 v - 4 potions of magic {unknown}
 z - a potion of ambrosia {unknown}
Comestibles
 e - 9 rations


   Skills:
 * Level 7.7(6.4) Fighting
 * Level 8.9(7.5) Axes
 + Level 6.7(5.5) Armour
 + Level 6.8(5.5) Shields
 * Level 8.3(7.0) Invocations


You had 9 spell levels left.
You didn't know any spells.
Your spell library was empty.

Dungeon Overview and Level Annotations

Branches:
Dungeon (10/15)            Temple (1/1) D:5            Lair (0/6) D:10
    Orc: D:9-12

Altars:
Ashenzari
Cheibriados
Dithmenos
Elyvilon
Fedhas
Gozag
Kikubaaqudgha
Makhleb
Nemelex Xobeh
Okawaru
Qazlal
Ru
Sif Muna
Trog
Uskayaw
Vehumet
Wu Jian
Xom
Yredelemnul
Zin
The Shining One

Shops:
D:6 *

Annotations:
D:6 1 runed translucent door, Flugslaktarn's ghost, novice DDFi
D:10 Nergalle


Innate Abilities, Weirdness & Mutations

You are resistant to damage.
You can heal yourself by infusing magical energy.
You passively map the area around you.
You do not regenerate.


Message History

The acid dragon claws you but does no damage.
You hit the acid dragon.
The acid dragon is lightly wounded.
The acid dragon spits acid at you. The splash of acid hits you!
The acid corrodes you!
You are splashed with acid!
* * * LOW HITPOINT WARNING * * *
You hear a shout!
You are too injured to fight recklessly!
You are too injured to fight recklessly!
You are too injured to fight recklessly!
You are too injured to fight recklessly!
You are too injured to fight recklessly!
You are too injured to fight recklessly!
You are too injured to fight recklessly!
You feel much better. The acid dragon bites you.
The acid dragon claws you but does no damage.
You slash the acid dragon!
The acid dragon is severely wounded.
The acid dragon bites you. The acid dragon claws you.
You feel much better. You block the acid dragon's attack.
The acid dragon barely misses you.
You closely miss the acid dragon.
The acid dragon is severely wounded.
The acid dragon bites you! The acid dragon barely misses you.
You slash the acid dragon!
The acid dragon is almost dead.
The acid dragon spits acid at you. You block the splash of acid.
Your plate armour prevents you from hitting the acid dragon.
The acid dragon is almost dead.
You block the acid dragon's attack.
The acid dragon claws you but does no damage.
The acid dragon bites you but does no damage.
The acid dragon claws you but does no damage.
You closely miss the acid dragon.
The acid dragon is almost dead.
The acid dragon spits acid at you. The splash of acid hits you!
The acid corrodes you!
You are splashed with acid!
Nergalle the Soulbinder comes into view.
She is wielding a +0 dagger.
You hit the acid dragon.
You kill the acid dragon!
Makhleb accepts your kill.
You feel better.
The acid dragon scales are intact enough to wear.
Nergalle points at you and mumbles some strange words.
Orcish apparitions take form around you.
You hit the spectral orc knight but do no damage.
Nergalle gestures at you while chanting.
Orcish apparitions take form around you.
The spectral orc warrior barely misses you.
The spectral orc knight hits you with a +0 bardiche!
You hit the spectral orc knight but do no damage.
You barely miss the spectral orc warrior.
You hit the spectral orc warrior. x2
You block the spectral orc warrior's attack. x2
The spectral orc warrior hits you with a +0 glaive.
The spectral orc warrior barely misses you.
You hit the spectral orc warrior but do no damage.
The spectral orc warrior is moderately damaged.
You barely miss the spectral orc warrior.
You completely miss the spectral orc knight.
You hit the spectral orc warrior but do no damage.
You hit the spectral orc knight but do no damage.
The spectral orc knight hits you with a +0 bardiche.
You feel drained.
You block the spectral orc knight's attack.
The spectral orc warrior closely misses you.
The spectral orc warrior hits you with a +0 scimitar.
You feel drained.
You closely miss the spectral orc warrior.
The spectral orc warrior is moderately damaged.
You hit the spectral orc knight but do no damage.
You hit the spectral orc warrior but do no damage.
You hit the spectral orc knight but do no damage.
You hit the spectral orc warrior.
You block the spectral orc warrior's attack.
The spectral orc warrior hits you from afar with a +2 antimagic glaive!
You feel your power leaking away.
The spectral orc knight hits you with a +0 bardiche.
You feel drained.
You block the spectral orc warrior's attack.
The spectral orc knight barely misses you.
The spectral orc warrior hits you with a +0 scimitar!
* * * LOW HITPOINT WARNING * * *
You feel drained.
You are too injured to fight recklessly!
You are too injured to fight recklessly!
You are too injured to fight recklessly!
You are too injured to fight recklessly!
You are too injured to fight recklessly!
You are too injured to fight recklessly!
You are too injured to fight recklessly!
You are too injured to fight recklessly!
You are too injured to fight recklessly!
You are too injured to fight recklessly!
You are too injured to fight recklessly!
You are too injured to fight recklessly!
Are you sure you want to abandon this character and quit the game? (Confirm with "yes".)
Okay, then.
Are you sure you want to abandon this character and quit the game? (Confirm with "yes".)

, , , #.# #...... * #..#
#.# #...... ,, #..# #.#
#...... *, * #..# #.#
#...... * #..# #.#
#...... , * #.o# #.#
#...... #..# #.# #......
..####.Z####.#####......
,
.....ZZ@Z..)...>........
,
......ZZ................
*
*########################


You could see Nergalle, 4 spectral orc warriors and 2 spectral orc knights.

Vanquished Creatures
  A centaur zombie (D:10)
  A wyvern (D:9)
  3 yaks (D:10)
  2 hungry ghosts (D:7)
  Menkaure (D:7)
  An acid dragon (D:10)
  2 water moccasins
  A phantom (D:4)
  3 sky beasts
  4 ice beasts
  A necrophage (D:9)
  An orc warrior (D:9)
  4 ogres
  2 centaurs
  5 bullfrogs
  A water moccasin zombie (D:7)
  A wyvern zombie (D:8)
  3 scorpions
  3 howler monkeys (D:7)
  2 crimson imps
  2 jellies
  A hound (D:6)
  3 orc priests
  2 centaur skeletons
  6 orc wizards
  An iguana (D:8)
  Natasha (D:2)
  4 worker ants
  2 worker ant zombies
  3 gnolls (D:9)
  A howler monkey skeleton (D:4)
  7 adders
  5 shadow imps
  An adder skeleton (D:6)
  An adder zombie (D:5)
  A worm (D:4)
  2 dart slugs
  A leopard gecko (D:8)
  23 orcs
  A giant cockroach (D:5)
  A goblin (D:1)
  4 hobgoblins
  8 jackals
  3 quokkas
  A ball python (D:6)
  A ball python skeleton (D:4)
  3 bats
  2 frilled lizards (D:1)
  2 jackal zombies
  A leopard gecko skeleton (D:7)
  3 quokka skeletons
  2 rats (D:3)
141 creatures vanquished.

Notes
Turn   | Place    | Note
-------+----------+-------------------------------------------
     0 | D:1      | EnegeticOcto the Deep Dwarf Fighter began the quest for the
                  | Orb.
     0 | D:1      | Reached XP level 1. HP: 20/20 MP: 1/1
   149 | D:1      | Reached XP level 2. HP: 27/27 MP: 2/2
   154 | D:2      | Noticed Natasha
   165 | D:2      | Noticed a crimson imp
   172 | D:2      | Noticed a crimson imp
   183 | D:2      | Killed Natasha
   183 | D:2      | Reached XP level 3. HP: 34/34 MP: 2/2
   348 | D:3      | Reached XP level 4. HP: 35/42 MP: 3/3
   369 | D:3      | Found a white marble altar of Elyvilon.
   516 | D:4      | Found a bloodstained altar of Trog.
   621 | D:4      | Found a glowing silver altar of Zin.
   730 | D:4      | Reached XP level 5. HP: 40/50 MP: 3/3
   749 | D:4      | Noticed a phantom
   766 | D:4      | Killed a phantom
   766 | D:4      | Reached XP level 6. HP: 52/57 MP: 4/4
   928 | D:5      | Entered Level 5 of the Dungeon
  1268 | D:5      | Found a staircase to the Ecumenical Temple.
  1316 | D:5      | Noticed a water moccasin
  1330 | D:5      | Killed a water moccasin
  1330 | D:5      | Reached skill level 5 in Axes
  1330 | D:5      | Reached XP level 7. HP: 31/66 MP: 5/5
  1375 | Temple   | Entered the Ecumenical Temple
  1555 | Temple   | Became a worshipper of Makhleb the Destroyer
  2036 | D:5      | Reached skill level 5 in Fighting
  2036 | D:5      | Reached skill level 1 in Invocations
  2130 | D:6      | Found Xyqell's General Store.
  2138 | D:6      | Bought a scroll of magic mapping for 49 gold pieces
  2259 | D:6      | Found an ornate altar of the Wu Jian Council.
  2265 | D:6      | Reached skill level 5 in Armour
  2268 | D:6      | Reached skill level 5 in Shields
  2302 | D:6      | Reached XP level 8. HP: 52/75 MP: 5/5
  2345 | D:6      | Reached * piety under Makhleb
  2352 | D:6      | Noticed Flugslaktarn's ghost (novice DDFi)
  2354 | D:6      | Found a runed translucent door.
  2777 | D:6      | Found a burning altar of Makhleb.
  3036 | D:7      | Reached skill level 5 in Invocations
  3360 | D:7      | Gained mutation: You passively map the area around you.
                  | [Deep Dwarf growth]
  3360 | D:7      | Reached XP level 9. HP: 63/85 MP: 7/7
  3390 | D:7      | Noticed Menkaure
  3400 | D:7      | Killed Menkaure
  3400 | D:7      | Reached ** piety under Makhleb
  4467 | D:9      | Found a blossoming altar of Fedhas.
  4470 | D:9      | Found an ancient bone altar of Kikubaaqudgha.
  4811 | D:10     | Entered Level 10 of the Dungeon
  4849 | D:10     | Reached XP level 10. HP: 58/94 MP: 5/5
  4855 | D:10     | Reached *** piety under Makhleb
  5069 | D:10     | Found a staircase to the Lair.
  5165 | D:10     | Noticed Nergalle
  5171 | D:10     | Quit the game

Levels and vault maps discovered:
D:1:      dpeg_arrival_lava_temple_mockup, layout_basic, minmay_misc_feat_alley,
          grunt_decor_resistance, minmay_distorted
D:2:      layout_basic, lemuel_doored_altar, first_ration, serial_bayou_pond_d,
          chequers_serial_rivers_room_b, minmay_joined_circles, uniq_natasha,
          uniq_jessica
D:3:      layout_rooms, elyvilon_altar_1, minivault_24, corexii_hall_statues_t,
          minmay_misc_feat_pillars, nicolae_tso_carved_into_rock
D:4:      layout_rooms, overflow_temple_1_default, bloody_trog
D:5:      layout_layer_cave, minmay_temple_entry_butterflies, solitary_fountain
D:6:      layout_loops_cross, lemuel_crystal_altar,
          hellmonk_ghost_happy_afterlife, serial_shops, shop, bloody_makhleb
D:7:      layout_loops_corners, uniq_menkaure
D:8:      layout_basic
D:9:      layout_basic, grunt_temple_overflow_growth_and_decay
D:10:     layout_long_grid, lair_entry_dummy, uniq_nergalle
Temple:   regret_index_temple_sphere_string

Skill      XL: |  1  2  3  4  5  6  7  8  9 10 |
---------------+-------------------------------+-----
Fighting       | 3 4 5 6 7 |  7.7
Axes           | 3 4 5 6 7 8 |  8.9
Armour         | 4 5 6 |  6.7
Shields        | 4 5 6 |  6.8
Invocations    | 3 5 7 8 |  8.3

Action                   |  1- 3 |  4- 6 |  7- 9 | 10-12 || total
-------------------------+-------+-------+-------+-------++-------
Melee: War axe           |    88 |   112 |   449 |    38 ||   687
 Abil: Heal Wounds       |     3 |     3 |    28 |     2 ||    36
Evoke: Wand              |       |       |     2 |       ||     2
  Use: Scroll            |       |       |    10 |     2 ||    12
  Eat: Chunk             |       |     1 |    14 |     2 ||    17
       Ration            |       |       |     1 |       ||     1
Armor: Scale mail        |    52 |    51 |    26 |       ||   129
       Chain mail        |       |       |   157 |       ||   157
       Plate armour      |       |       |    12 |    22 ||    34
Dodge: Dodged            |    35 |    44 |   109 |     9 ||   197
Block: Kite shield       |    65 |    57 |   266 |    21 ||   409

Table legend:
 A = Non-vault XP
 B = Vault XP
 C = Vault XP percentage of total XP
 D = Non-vault monster count
 E = Vault monster count
 F = Vault count percentage of total count
                 A         B        C        D         E       F
            +---------+---------+-------+---------+---------+-------
      Total |    6385 |     209 |   3.2 |     138 |       3 |   2.1
            +---------+---------+-------+---------+---------+-------
        D:1 |      11 |       2 |  15.4 |       6 |       1 |  14.3
        D:2 |      37 |      35 |  48.6 |       8 |       1 |  11.1
        D:3 |      16 |       0 |   0.0 |       7 |       0 |   0.0
        D:4 |     326 |       0 |   0.0 |      17 |       0 |   0.0
        D:5 |     566 |       0 |   0.0 |      11 |       0 |   0.0
        D:6 |     882 |       0 |   0.0 |      30 |       0 |   0.0
        D:7 |    1762 |     172 |   8.9 |      24 |       1 |   4.0
        D:8 |     510 |       0 |   0.0 |      16 |       0 |   0.0
        D:9 |     838 |       0 |   0.0 |      12 |       0 |   0.0
       D:10 |    1437 |       0 |   0.0 |       7 |       0 |   0.0
            +---------+---------+-------+---------+---------+-------
